 Dungeon Crawl Stone Soup version 0.25-a0-834-g55863b0b92 (webtiles) character file.

Game seed: 16914909382554297997, levelgen mode: deterministic

1931 sanka the Frost Mage (level 9, 0/66 HPs)
             Began as a Barachi Ice Elementalist on Apr 22, 2020.
             Succumbed to an orc wizard's poison
             ... on level 6 of the Dungeon.
             The game lasted 00:13:42 (5743 turns).

sanka the Frost Mage (Barachi Ice Elementalist)     Turns: 5743, Time: 00:13:42

Health: 0/66       AC:  8    Str:  9    XL:     9   Next: 17%
Magic:  2/17       EV: 14    Int: 19    God:
Gold:   64         SH:  0    Dex: 13    Spells: 4/19 levels left

rFire    . . .     SeeInvis .   a - +2 quarterstaff (chaos)
rCold    . . .     Gourm    .   (shield currently unavailable)
rNeg     . . .     Faith    .   o - +0 robe
rPois    .         Spirit   .   C - +0 helmet
rElec    .         Reflect  .   n - +2 cloak
rCorr    .         Harm     .   v - +1 pair of gloves {archery}
MR       .....                  (no boots)
Stlth    +++.......             r - amulet of magic regeneration
HPRegen  0.21/turn              A - ring of stealth
MPRegen  0.40/turn              (no ring)

@: lethally poisoned (0 -> -5), frozen ramparts, slow
A: +LOS, swims, slowness 1, strong legs 1
a: Hop


You were on level 6 of the Dungeon.
You were near starving.

You visited 1 branch of the dungeon, and saw 6 of its levels.
You also visited: Ossuary.

You collected 281 gold pieces.
You spent 217 gold pieces at shops.


Innate Abilities, Weirdness & Mutations

You can be seen from farther away. (+LOS)
You can swim through water.
You cover ground slowly.
You can hop short distances.


   Skills:
 * Level 4.4 Fighting
 * Level 4.8 Dodging
 - Level 1.7 Stealth
 + Level 5.8 Spellcasting
 + Level 2.7 Conjurations
 - Level 4.0 Summonings
 - Level 10.0 Ice Magic


You had 4 spell levels left.
You knew the following spells:

 Your Spells              Type           Power        Failure   Level  Hunger
a - Ozocubu's Armour      Chrm/Ice       ###.....     4%          3    ##.....
u - Hailstorm             Conj/Ice       ####....     9%          4    ####...
x - Summon Ice Beast      Ice/Summ       ####....     6%          4    ####...
y - Frozen Ramparts       Ice            #####.       1%          3    ##.....
z - Freeze                Ice            ####         1%          1    None

Your spell library contained the following spells:

 Spells                   Type           Power        Failure   Level  Hunger


Inventory:

Hand Weapons
 a - a +2 quarterstaff of chaos (weapon)
 b - a +1 dagger of venom
 k - a +0 short sword
Missiles
 l - 201 stones (quivered)
 z - 15 poisoned darts
Armour
 n - a +2 cloak (worn)
 o - a +0 robe (worn)
 v - a +1 pair of gloves of archery (worn)
 C - a +0 helmet (worn)
Jewellery
 r - an amulet of magic regeneration (around neck)
 A - a ring of stealth (left hand)
Wands
 y - a wand of iceblast (4)
Scrolls
 e - 3 scrolls of fog
 f - 3 scrolls of enchant armour
 g - 2 scrolls of remove curse
 i - 2 scrolls of random uselessness
 p - 3 scrolls of teleportation {@r4}
 t - a scroll of amnesia
 u - a scroll of fear {unknown}
 x - 2 scrolls of immolation {unknown}
 B - 2 scrolls of blinking
 F - a scroll of enchant weapon {unknown}
 H - a scroll of magic mapping {unknown}
Potions
 d - 2 potions of might {unknown}
 h - 2 potions of berserk rage {unknown}
 j - a potion of invisibility {unknown}
 m - 2 potions of magic {unknown}
 q - 2 potions of heal wounds {unknown}
 s - 2 potions of degeneration {unknown}
 w - 2 potions of mutation {unknown}
 D - a potion of ambrosia {unknown}
 E - 4 potions of curing {unknown}
Comestibles
 c - a ration

Dungeon Overview and Level Annotations

Branches:
Dungeon (6/15)            Ossuary (visited)
 Temple: D:4-7

Altars:
Makhleb

Shops:
D:5

[ ▒▒▒▒▒▒▒▒
▒▒...))Y▒▒
▒▒....ooWF▒▒
▒.[..%......


You could see a hungry ghost, an orc warrior, an orc wizard, an orc and 2
friendly ice beasts.


Message History

* * * LOW HITPOINT WARNING * * *
Your ice beast hits the hungry ghost.
Your ice beast freezes the hungry ghost.
The hungry ghost resists.
The hungry ghost completely resists.
The wall freezes the hungry ghost but do no damage.
The hungry ghost hits you.
You feel quite a bit more hungry.
Unknown command.
Unknown command.
Unknown command.
You barely miss the hungry ghost.
The hungry ghost is almost destroyed.
You are near starving!
The orc hits your ice beast but does no damage.
The orc wizard miscasts a cantrip.
Your ice beast closely misses the hungry ghost.
The hungry ghost resists.
The wall freezes the hungry ghost.
The hungry ghost hits you.
You feel quite a bit more hungry.
Your ice beast misses the hungry ghost.
The orc warrior hits you from afar with a +0 glaive!!
* * * LOW HITPOINT WARNING * * *
The orc wizard hits you with a +1 dagger of venom.
* * * LOW HITPOINT WARNING * * *
You are lethally poisoned!
Unknown command.
Unknown command.
You die...

Action                   |  1- 3 |  4- 6 |  7- 9 || total
-------------------------+-------+-------+-------++-------
Melee: Unarmed           |     2 |       |       ||     2
       Short sword       |     4 |       |       ||     4
       Quarterstaff      |       |     5 |   219 ||   224
 Cast: Freeze            |    32 |    34 |    32 ||    98
       Frozen Ramparts   |     1 |     5 |    12 ||    18
       Ozocubu's Armour  |       |     1 |    22 ||    23
       Summon Ice Beast  |       |       |     7 ||     7
       Hailstorm         |       |       |     1 ||     1
 Abil: Hop               |       |       |     1 ||     1
  Use: Scroll            |       |       |     9 ||     9
 Stab: Sleeping          |     1 |     1 |       ||     2
       Petrified         |       |       |     3 ||     3
  Eat: Ration            |       |     1 |     3 ||     4
       Chunk             |       |     4 |     6 ||    10
Armor: Robe              |     5 |     2 |   179 ||   186
       Leather armour    |       |    12 |    14 ||    26
Dodge: Dodged            |    22 |    29 |   231 ||   282

Levels and vault maps discovered:
D:1:      minmay_arrival_arboretum_large, layout_basic, kennysheep_boxes
D:2:      layout_loops_ring, uniq_natasha, uniq_sigmund, uniq_crazy_yiuf_cottage
D:3:      layout_rooms, serial_curves, eino_curves_03, eino_curves_01,
          eino_curves_03, eino_curves_03, minmay_mini_jars
D:4:      layout_gridville, makhleb_altar_promises_db, uniq_robin
D:5:      layout_loops_cross, first_ration, nicolae_ossuary_entry_ruins,
          serial_shops, nicolae_shop_overgrown_old_shop, uniq_prince_ribbit1,
          uniq_pikel
D:6:      layout_rooms, minmay_misc_feat_hallway,
          nicolae_ru_great_annihilating_truth

Notes
Turn   | Place    | Note
-------+----------+-------------------------------------------
     0 | D:1      | sanka the Barachi Ice Elementalist began the quest for the
                  | Orb.
     0 | D:1      | Reached XP level 1. HP: 13/13 MP: 3/3
   260 | D:1      | Reached XP level 2. HP: 16/19 MP: 2/5
   373 | D:1      | Reached skill level 3 in Spellcasting
   966 | D:2      | Noticed Natasha
  1079 | D:2      | Noticed a crimson imp
  1080 | D:2      | Killed Natasha
  1080 | D:2      | Reached XP level 3. HP: 24/24 MP: 2/8
  1085 | D:2      | Learned a level 3 spell: Frozen Ramparts
  1089 | D:2      | Learned a level 3 spell: Ozocubu's Armour
  1300 | D:2      | Found a runed translucent door.
  1301 | D:2      | Noticed Crazy Yiuf
  1368 | D:2      | Killed Crazy Yiuf
  1368 | D:2      | Reached skill level 4 in Spellcasting
  1368 | D:2      | Reached skill level 5 in Ice Magic
  1368 | D:2      | Reached XP level 4. HP: 25/30 MP: 2/10
  1428 | D:2      | Noticed Natasha
  1436 | D:2      | Killed Natasha
  1501 | D:2      | Noticed Natasha
  1506 | D:2      | Killed Natasha
  1506 | D:2      | Reached skill level 6 in Ice Magic
  1506 | D:2      | Reached XP level 5. HP: 27/35 MP: 6/11
  1811 | D:2      | Noticed Sigmund
  1818 | D:2      | Killed Sigmund
  1818 | D:2      | Reached skill level 7 in Ice Magic
  1818 | D:2      | Reached XP level 6. HP: 41/41 MP: 7/12
  1825 | D:2      | Learned a level 4 spell: Summon Ice Beast
  2101 | D:3      | Reached skill level 1 in Summonings
  2205 | D:3      | Reached skill level 8 in Ice Magic
  2968 | D:4      | Found a burning altar of Makhleb.
  2968 | D:4      | Noticed a green death
  2991 | D:4      | Reached skill level 3 in Summonings
  2991 | D:4      | Reached XP level 7. HP: 27/46 MP: 7/13
  3212 | D:4      | Noticed Robin
  3217 | D:4      | Killed Robin
  3495 | D:4      | Reached skill level 4 in Summonings
  3764 | D:5      | Entered Level 5 of the Dungeon
  3767 | D:5      | Got a fine ring mail
  3792 | D:5      | Identified the cursed +0 ring mail of the Quahog {*Corrode
                  | +Fly Str+4} (You found it on level 5 of the Dungeon)
  3854 | D:5      | Reached skill level 9 in Ice Magic
  3922 | D:5      | Found a sand-covered staircase.
  3935 | Ossuary  | Entered an ossuary
  4166 | Ossuary  | Reached XP level 8. HP: 45/52 MP: 14/14
  4703 | Ossuary  | Reached skill level 5 in Spellcasting
  4890 | Ossuary  | Reached skill level 10 in Ice Magic
  4897 | Ossuary  | Learned a level 4 spell: Hailstorm
  5134 | D:5      | Noticed Prince Ribbit
  5145 | D:5      | Killed Prince Ribbit
  5145 | D:5      | Reached skill level 2 in Fighting
  5145 | D:5      | Reached skill level 3 in Dodging
  5145 | D:5      | Reached skill level 1 in Conjurations
  5319 | D:5      | Found Tuth's Antique Armour Shop.
  5322 | D:5      | Noticed Pikel
  5335 | D:5      | Killed Pikel
  5335 | D:5      | Reached skill level 3 in Fighting
  5335 | D:5      | Reached skill level 4 in Dodging
  5335 | D:5      | Reached skill level 2 in Conjurations
  5335 | D:5      | Reached XP level 9. HP: 62/65 MP: 8/17
  5336 | D:5      | Reached skill level 4 in Fighting
  5658 | D:5      | Bought a pair of embroidered gloves for 217 gold pieces
  5742 | D:6      | HP: 2/66 [orc warrior/+0 glaive (23)]
  5743 | D:6      | Succumbed to an orc wizard's poison

Vanquished Creatures
  Pikel (D:5)
  Prince Ribbit (D:5)
  Sigmund (D:2)
  A slave (D:5)
  A sky beast (D:5)
  A centaur (D:4)
  An elf zombie (Ossuary)
  A bullfrog (D:5)
  2 scorpions (D:5)
  A crimson imp (D:3)
  2 centaur zombies (Ossuary)
  A human zombie (Ossuary)
  Crazy Yiuf (D:2)
  A bullfrog skeleton (D:4)
  An orc priest (D:6)
  Natasha (thrice) (D:2)
  2 orc wizards
  4 worker ants
  2 big kobold zombies (Ossuary)
  A hound zombie (Ossuary)
  3 mummies (Ossuary)
  Robin (D:4)
  3 adders
  A shadow imp (D:5)
  An adder skeleton (D:4)
  4 adder zombies
  A worm (D:3)
  2 leopard geckos
  6 orcs
  6 bats
  5 giant cockroaches
  4 hobgoblins
  7 jackals
  6 kobolds
  A quokka (D:3)
  A ball python (D:2)
  2 frilled lizards
  17 goblins
  4 goblin zombies (Ossuary)
  2 hobgoblin zombies (Ossuary)
  4 jackal zombies (Ossuary)
  4 kobold zombies (Ossuary)
  3 quokka zombies (Ossuary)
  5 rats
  2 rat zombies (Ossuary)
124 creatures vanquished.

Vanquished Creatures (collateral kills)
  An elf zombie (Ossuary)
  A hound zombie (Ossuary)
  An adder (D:6)
  2 orcs (D:6)
  2 goblin zombies (Ossuary)
7 creatures vanquished.

Grand Total: 131 creatures vanquished
